 Dungeon Crawl Stone Soup version 0.30-a0-422-g946f4849ff (webtiles) character file.

Game seed: 313184576622344004

206978 AigisTheKnight the Devastator (level 18, -1/119 HPs)
             Began as a Gargoyle Earth Elementalist on Dec 8, 2022.
             Was a High Priest of the Shining One.
             Killed from afar by a deep elf knight (13 damage)
             ... with a lance of force
             ... on level 1 of the Elven Halls on Dec 9, 2022.
             The game lasted 02:19:49 (44469 turns).

AigisTheKnight the Devastator (GrEE)               Turns: 44469, Time: 02:19:50

Health: -1/119     AC: 28    Str: 13    XL:     18   Next: 22%
Magic:  8/31       EV: 17    Int: 23    God:    the Shining One [*****.]
Gold:   473        SH: 12    Dex: 10    Spells: 8/35 levels left

rFire   . . .      SeeInvis .    s - +4 shortbow (vorpal)
rCold   . . .      Faith    .    (shield currently unavailable)
rNeg    + + +      Spirit   .    B - +0 troll leather armour
rPois   ∞          Reflect  .    E - +1 helmet
rElec   +          Harm     .    X - +0 cloak
rCorr   .          Rampage  .    o - +0 pair of gloves
Will    +....                    i - +2 pair of boots
Stlth   +.........               n - amulet of regeneration
HPRegen 1.99/turn                J - +4 ring of slaying
MPRegen 0.22/turn                e - +4 ring of evasion

@: divinely shielded, flying, glowing, studying Invocations
A: sickness immunity, AC +13, big wings, negative energy resistance 1,
electricity resistance, torment resistance 1, petrification resistance
}: 2/15 runes: decaying, serpentine
a: Renounce Religion, Divine Shield, Cleansing Flame, Summon Divine Warrior


You were on level 1 of the Elven Halls.
You worshipped the Shining One.
The Shining One was extremely pleased with you.
You visited 7 branches of the dungeon, and saw 27 of its levels.
You visited 1 bazaar.
You also visited: Ice Cave and Volcano.

You collected 2640 gold pieces.
You spent 2167 gold pieces at shops.

Inventory:

Hand Weapons
 s - a +4 vorpal shortbow (weapon)
 F - a +4 falchion of freezing
 R - a +4 scimitar of flaming
Missiles
 V - 4 silver javelins
Armour
 i - a +2 pair of boots (worn)
 o - a +0 pair of gloves (worn)
 B - a +0 troll leather armour (worn)
 E - a +1 helmet (worn)
 I - a +2 robe of resistance
 L - a +0 kite shield of protection
 T - +0 fire dragon scales
 U - a +1 ring mail of fire resistance
 X - a +0 cloak (worn)
Magical Staves
 Z - a staff of fire
Jewellery
 a - a ring of fire
 c - a +6 ring of strength
 e - a +4 ring of evasion (right hand)
 g - a +6 ring of dexterity
 n - an amulet of regeneration (around neck)
 J - a +4 ring of slaying (left hand)
 N - a ring of willpower
 Y - a ring of ice
Wands
 d - a wand of flame (81)
 M - a wand of mindburst (17)
 P - a wand of paralysis (11)
Scrolls
 h - 3 scrolls of amnesia
 l - 5 scrolls of enchant weapon
 p - 15 scrolls of teleportation
 t - 6 scrolls of identify
 u - 3 scrolls of immolation
 v - 2 scrolls of fear
 x - 2 scrolls of blinking
 A - 3 scrolls of silence
 G - 5 scrolls of magic mapping
 H - 4 scrolls of butterflies
 K - 2 scrolls of brand weapon
 O - 3 scrolls of enchant armour
Potions
 b - a potion of magic
 j - 4 potions of lignification
 m - 7 potions of curing
 q - 2 potions of berserk rage
 r - 3 potions of haste
 w - 8 potions of brilliance
 z - 3 potions of resistance
 C - 3 potions of cancellation
 D - 3 potions of might
 S - 6 potions of mutation
 W - a potion of ambrosia
Miscellaneous
 k - a tin of tremorstones (1/2)
 Q - a phial of floods (inert)


   Skills:
 - Level 15.2 Fighting
 + Level 10.8 Armour
 - Level 7.0 Dodging
 - Level 2.6 Stealth
 + Level 5.6 Shields
 - Level 9.3 Spellcasting
 + Level 15.8 Conjurations
 - Level 1.2 Transmutations
 - Level 10.5 Fire Magic
 * Level 15.5 Earth Magic
 + Level 15.7 Invocations


You had 8 spell levels left.
You knew the following spells:

 Your Spells              Type           Power      Damage    Failure   Level
a - Sandblast             Erth           100%       2d20      0%          1
b - Stone Arrow           Conj/Erth      100%       3d13      1%          3
c - Starburst             Conj/Fire      32%        6d10      4%          6
d - Iskenderun's Battles  Conj           70%        2d12      1%          5
e - Fireball              Conj/Fire      32%        3d14      1%          5
f - Orb of Destruction    Conj           35%        9d10      9%          7

Your spell library contained the following spells:

 Spells                   Type           Power      Damage    Failure   Level
 Shock                    Conj/Air       100%       1d9       1%          1
 Passwall                 Tmut/Erth      40%        N/A       1%          2
 Dazzling Flash           Conj/Hex       94%        N/A       1%          3
 Hailstorm                Conj/Ice       47%        3d11      1%          3
 Lee's Rapid Deconstruct  Erth           35%        3d18*     1%          5
 Fulminant Prism          Conj/Hex       23%        3d12      2%          4
 Iskenderun's Mystic Bla  Conj/Tloc      47%        2d10      2%          4
 Petrify                  Tmut/Erth      49%        N/A       2%          4
 Beastly Appendage        Tmut           32%        N/A       4%          1
 Ignite Poison            Fire/Tmut/Pois 28%        N/A       4%          3
 Kindle Blastsparks       Fire/Tloc/Air  52%        2d14      4%          3
 Irradiate                Conj/Tmut      24%        3d19      6%          5
 Wereblood                Tmut           16%        N/A       7%          2
 Freeze                   Ice            40%        1d6       8%          1
 Slow                     Hex            40%        N/A       8%          1
 Borgnjor's Vile Clutch   Necr/Erth      23%        N/A       9%          5
 Spider Form              Tmut/Pois      13%        N/A       17%         3
 Confusing Touch          Hex            10%        N/A       22%         3
 Frozen Ramparts          Ice            20%        1d4       22%         3
 Swiftness                Air            10%        N/A       22%         3
 Vampiric Draining        Necr           10%        2d6       22%         3
 Freezing Cloud           Conj/Ice/Air   17%        6-21      22%         5
 Conjure Ball Lightning   Conj/Air       23%        3x3d6     38%         6
 Airstrike                Air            5%         2d(1-17)  58%         4
 Anguish                  Hex/Necr       5%         N/A       58%         4
 Alistair's Intoxication  Tmut/Pois      8%         N/A       83%         5
 Eringya's Noxious Bog    Tmut/Pois      6%         N/A       100%        6
 Simulacrum               Ice/Necr       5%         N/A       100%        6
 Enfeeble                 Hex            5%         N/A       100%        7
 Malign Gateway           Summ/Tloc      5%         N/A       100%        7
 Polar Vortex             Ice            5%         N/A       100%        9
 Shatter                  Erth           35%        3d28*     100%        9
 Sublimation of Blood     Necr           Unusable   N/A       N/A         2

Dungeon Overview and Level Annotations

Branches:
Dungeon (10/15)            Temple (1/1) D:6            Lair (5/5) D:10
  Swamp (4/4) Lair:2        Snake (4/4) Lair:3        Slime (0/5) Lair:4
    Orc (2/2) D:9             Elf (1/3) Orc:2         IceCv (visited)
Volcano (visited)

Altars:
Ashenzari
Cheibriados
Dithmenos
Elyvilon
Fedhas
Gozag
Hepliaklqana
Kikubaaqudgha
Makhleb
Nemelex Xobeh
Okawaru
Qazlal
Ru
Sif Muna
Trog
Uskayaw
Vehumet
Wu Jian
Xom
Yredelemnul
Zin
The Shining One
Jiyva

Shops:
D:3 :   D:4 (   D:9 *   D:10 =   Orc:2 *[!:=   Elf:1 *   Snake:1 *   Snake:4 ([

Annotations:
Lair:3 Rupert
Snake:2 6 transporters, Donald
Snake:3 Mara


Innate Abilities, Weirdness & Mutations

You are immune to sickness and miasma.
Your stone body is resilient. (AC +13)
You are immune to poison.
Your large and strong wings let you fly.
You resist negative energy. (rN+)
You are resistant to electric shocks. (rElec)
You are resistant to unholy torment.
You are immune to petrification.


Message History

You block the deep elf knight's attack.
The deep elf knight hits you with a +0 short sword.
There is an open translucent door here.
The deep elf knight attacks as you move away!
The deep elf knight closely misses you.
The deep elf knight gestures at you while chanting.
The shard of ice misses you. You block the deep elf knight's attack.
The deep elf knight closely misses you.
The deep elf knight attacks as you move away!
The deep elf knight hits you but does no damage.
The deep elf knight attacks as you move away!
You block the deep elf knight's attack.
The deep elf knight points at you and mumbles some strange words.
The lance of force hits you!!
You are knocked back by the lance of force.
The deep elf knight points at you and mumbles some strange words.
The shard of ice hits you!
A deep elf knight appears from thin air!
The deep elf knight points at you and mumbles some strange words.
You block the shard of ice.
You reach down and open the door.
The deep elf knight hits you but does no damage.
There is an open translucent door here.
The deep elf knight attacks as you move away!
The deep elf knight hits you but does no damage.
The deep elf knight attacks as you move away!
The deep elf knight misses you.
The deep elf knight points at you and mumbles some strange words.
The shard of ice hits you!!!
* * * LOW HITPOINT WARNING * * *
The deep elf knight gestures at you while chanting.
The shard of ice hits you!
* * * LOW HITPOINT WARNING * * *
The deep elf knight points at you and mumbles some strange words.
The shard of ice hits you!!
* * * LOW HITPOINT WARNING * * *
The deep elf knight points at you and mumbles some strange words.
The lance of force hits you!
You die...

#....)......................
#.####+##########'##########
#.#.........................
#.#................>........
#.#..######'###############'
#.#..#.....e...........)....
#.+#####.........#####......
#.##,,,#~≈~~~~≈~~#,,,#......
#.##,,,#≈≈≈@≈≈≈≈≈#,,,#####'#
#.##,,,#8≈≈≈≈≈≈≈8#,,,##...))
#.#*,,,#####+#####,,,##.....
#.#*,,,*,,,,,,,,,+,,,##.....
#.#*,,,*,,,,,,,,,*,,,#+.....
#.#*,>,+,,*****,,****##.....
#.#*,,,*,,*****,,+,,,*######
#.#*****,,,,,,,,,*,,,*,,..e.
#.#*,,,+,,,,,,,,,*,,,*,,....


You could see a deep elf knight (fast).

Vanquished Creatures
  2 thorn hunters (Swamp:4)
  Gastronok (Lair:3)
  A fenstrider witch (Swamp:4)
  17 nagarajas
  An orc warlord (Orc:2)
  A stone giant (Orc:2)
  2 eleionomae
  4 bunyips
  Fannar (Lair:3)
  A caustic shrike simulacrum (IceCv)
  A salamander tyrant (Snake:4)
  19 hydras
  The ghost of qeuew the Blocker, a journeyman FoFi of Makhleb (D:9)
  A ghost crab (Swamp:2)
  A catoblepas (Lair:2)
  3 boulder beetles
  6 alligators
  A two-headed ogre (D:9)
  An anaconda (Snake:2)
  17 death yaks
  A merfolk avatar (Lair:5)
  Urug (Orc:1)
  An orc high priest (Orc:2)
  9 naga sharpshooters
  8 naga warriors
  3 dancing weapons (Elf:1)
  3 shock serpents
  2 deep elf knights (Elf:1)
  6 goliath frogs
  5 sea snakes
  2 salamander mystics
  5 spriggan druids
  A death drake (Swamp:2)
  4 bog bodies
  2 deep elf archers (Elf:1)
  9 swamp dragons
  3 naga ritualists (Snake:4)
  2 lindwurms (Volcano)
  A deep elf zephyrmancer (Elf:1)
  3 harpies (Lair:5)
  7 orc knights
  Pikel (D:7)
  4 mana vipers
  7 deep elf pyromancers (Elf:1)
  4 orc sorcerers
  2 ugly things (D:9)
  A manticore (D:9)
  2 cyclopes (Orc:2)
  A will-o-the-wisp (Swamp:4)
  16 salamanders
  15 black mambas
  7 guardian serpents
  A torpor snail (Lair:3)
  9 elephants
  9 naga magi
  12 cane toads
  5 molten gargoyles (Volcano)
  3 rime drakes
  A yaktaur (shapeshifter) (D:9)
  2 freezing wraiths (IceCv)
  An anaconda simulacrum (IceCv)
  A golden dragon simulacrum (IceCv)
  15 komodo dragons
  2 efreet (Volcano)
  2 bloated husks (Swamp:2)
  7 tyrant leeches
  A meliai (D:9)
  6 trolls
  A polar bear (Lair:3)
  15 blink frogs
  8 saltlings (Orc:2)
  10 hornets
  Prince Ribbit (D:5)
  Grinder (D:5)
  2 snapping turtles (Lair:5)
  2 water elementals (Elf:1)
  An air elemental (Elf:1)
  A culicivora (shapeshifter) (D:9)
  A wraith (D:9)
  12 spriggans
  4 wyverns
  43 yaks
  5 fire elementals
  6 basilisks
  7 steam dragons
  3 vampire mosquitoes
  27 nagas
  4 wargs
  2 acid dragons
  12 swamp worms
  14 water moccasins
  15 swamp drakes
  16 orc warriors
  5 sky beasts
  2 ice beasts (D:6)
  4 black bears
  8 ogres
  17 wolves
  5 centaurs
  A lemure (D:7)
  A phantom (D:6)
  2 kobold brigands
  Blork the orc (D:5)
  An earth elemental (Volcano)
  9 bullfrogs
  2 necrophages (D:7)
  3 scorpions
  5 wights (D:8)
  An electric eel (Snake:2)
  2 howler monkeys
  A jelly (D:6)
  10 orc priests
  5 hounds
  3 iguanas
  21 orc wizards
  6 gnolls
  12 adders
  4 white imps
  2 ufetubi
  2 worms
  2 dart slugs
  62 orcs
  5 ball pythons
  8 endoplasms
  2 giant cockroaches (D:1)
  9 goblins
  9 hobgoblins
  4 jackals
  4 quokkas
  2 bats
  6 frilled lizards
  17 kobolds
  6 rats
  28 pillars of salt (Orc:2)
809 creatures vanquished.

Vanquished Creatures (collateral kills)
  2 very ugly things (IceCv)
  A caustic shrike simulacrum (IceCv)
  3 deep elf knights (Elf:1)
  3 deep elf zephyrmancers (Elf:1)
  2 deep elf pyromancers (Elf:1)
  2 deep elf archers (Elf:1)
  A golden dragon simulacrum (IceCv)
  A harpy simulacrum (IceCv)
  An earth elemental (Elf:1)
  2 lindwurm simulacra (IceCv)
18 creatures vanquished.

Vanquished Creatures (others)
  A naga warrior (Snake:4)
  2 bloated husks
  3 nagas (Snake:4)
  An orc (D:8)
  8 foxfires (Swamp:4)
  49 fungi
  A pillar of salt (Orc:2)
  115 plants
180 creatures vanquished.

Grand Total: 1007 creatures vanquished

Notes
Turn   | Place    | Note
-------+----------+-------------------------------------------
     0 | D:1      | AigisTheKnight the Gargoyle Earth Elementalist began the
                  | quest for the Orb.
     0 | D:1      | Reached XP level 1. HP: 10/10 MP: 3/3
   116 | D:1      | Reached skill level 1 in Transmutations
   116 | D:1      | Reached XP level 2. HP: 15/15 MP: 0/5
   437 | D:1      | Reached XP level 3. HP: 19/19 MP: 6/6
  1124 | D:2      | Reached skill level 1 in Fighting
  1283 | D:2      | Found a shimmering altar of Xom.
  1453 | D:2      | Reached XP level 4. HP: 25/25 MP: 7/7
  1815 | D:3      | Found a white marble altar of Elyvilon.
  2093 | D:3      | Identified the +1 scale mail of the Forgotten Towns {rElec
                  | rF++ Int-2 Slay+3}
  2166 | D:3      | Found Ogakour's Book Boutique.
  2175 | D:3      | Reached XP level 5. HP: 28/30 MP: 7/9
  2747 | D:3      | Learned a level 3 spell: Stone Arrow
  2899 | D:4      | Noticed an ogre
  3033 | D:4      | Noticed a black bear
  3074 | D:4      | Reached skill level 5 in Earth Magic
  3115 | D:5      | Entered Level 5 of the Dungeon
  3115 | D:5      | Noticed a black bear
  3167 | D:5      | Reached XP level 6. HP: 37/37 MP: 5/11
  3185 | D:3      | Killed a black bear
  3554 | D:4      | Reached XP level 7. HP: 42/42 MP: 8/13
  4012 | D:4      | Found Kofreora's Weapon Shop.
  4436 | D:5      | Noticed Prince Ribbit
  4439 | D:5      | Noticed Blork the orc
  4440 | D:5      | Killed Prince Ribbit
  4441 | D:5      | Reached skill level 1 in Conjurations
  4441 | D:5      | Reached XP level 8. HP: 44/48 MP: 1/15
  4606 | D:5      | Reached skill level 5 in Fighting
  4674 | D:5      | Noticed Grinder
  4859 | D:5      | Paralysed by Grinder for 2 turns
  4861 | D:5      | Killed Grinder
  4862 | D:5      | Reached skill level 5 in Spellcasting
  5001 | D:5      | Killed Blork the orc
  5971 | D:6      | Reached XP level 9. HP: 55/55 MP: 4/17
  6066 | D:6      | Found an opulent altar of Gozag.
  6668 | D:6      | Noticed a troll
  6675 | D:6      | Killed a troll
  6676 | D:6      | Reached skill level 5 in Conjurations
  7014 | D:6      | Found a staircase to the Ecumenical Temple.
  7551 | D:7      | Found a hide-covered altar of Uskayaw.
  7619 | D:7      | Noticed Pikel
  7644 | D:7      | Killed Pikel
  7645 | D:7      | Reached XP level 10. HP: 24/64 MP: 0/20
  7667 | D:7      | Found an ornate altar of the Wu Jian Council.
  8692 | D:8      | Identified the +2 ring mail of Bitterness {-Cast rElec
                  | Will+}
  8865 | D:8      | Reached skill level 10 in Earth Magic
  9256 | D:8      | Found a snail-covered altar of Cheibriados.
  9256 | D:8      | Found a broken altar of Ashenzari.
  9264 | D:8      | Found a shadowy altar of Dithmenos.
  9266 | D:8      | Found a faded altar of an unknown god.
  9268 | D:8      | Found a bloodstained altar of Trog.
  9547 | D:9      | Found Kocuacvu's General Store.
  9555 | D:9      | Bought 2 potions of brilliance for 104 gold pieces
  9796 | D:9      | Identified the +7 trident of Blushing Peril {freeze, rPois
                  | rC- Int+3}
  9822 | D:9      | Found a staircase to the Orcish Mines.
  9927 | D:9      | Noticed qeuew's ghost (journeyman FoFi)
  9928 | D:9      | Found a runed translucent door.
 10333 | Temple   | Entered the Ecumenical Temple
 10394 | Temple   | Became a worshipper of the Shining One
 10557 | D:10     | Entered Level 10 of the Dungeon
 10755 | D:10     | Found a hazy altar of Hepliaklqana.
 10814 | D:10     | Reached XP level 11. HP: 70/71 MP: 7/23
 11163 | D:10     | Found Toma Pekume's Jewellery Shop.
 11165 | D:10     | Noticed a two-headed ogre
 11218 | D:9      | Killed a two-headed ogre
 11439 | D:9      | Noticed a boulder beetle
 11729 | D:10     | Found a staircase to the Lair.
 11967 | Lair:1   | Entered Level 1 of the Lair of Beasts
 12056 | Lair:1   | Reached skill level 1 in Armour
 12056 | Lair:1   | Reached skill level 1 in Invocations
 12297 | Lair:1   | Found a dark tunnel.
 12305 | Volcano  | Entered a volcano
 12639 | Volcano  | Noticed a lindwurm
 12639 | Volcano  | Noticed a lindwurm
 12781 | Volcano  | Killed a lindwurm
 12782 | Volcano  | Reached skill level 10 in Fighting
 12909 | Volcano  | Killed a lindwurm
 13193 | Volcano  | Reached * piety under the Shining One
 13864 | Lair:2   | Found a staircase to the Swamp.
 13865 | Lair:2   | Noticed a death yak
 13871 | Lair:2   | Noticed a death yak
 13871 | Lair:2   | Noticed a death yak
 13872 | Lair:2   | Noticed a death yak
 13878 | Lair:1   | Reached XP level 12. HP: 59/78 MP: 11/24
 13881 | Lair:1   | Killed a death yak
 14043 | Lair:1   | Reached skill level 1 in Fire Magic
 14460 | Lair:2   | Killed a death yak
 14834 | Lair:1   | Killed a death yak
 14923 | Lair:2   | Killed a death yak
 14924 | Lair:2   | Reached skill level 5 in Armour
 14924 | Lair:2   | Reached skill level 5 in Invocations
 15104 | Lair:2   | Reached skill level 10 in Conjurations
 15530 | Lair:2   | Noticed a catoblepas
 15538 | Lair:2   | Killed a catoblepas
 15900 | Lair:3   | Noticed a six-headed hydra
 15904 | Lair:3   | Killed a six-headed hydra
 15962 | Lair:3   | Noticed Fannar
 15985 | Lair:3   | Killed Fannar
 16196 | Lair:3   | Noticed Rupert
 16256 | Lair:3   | Found a staircase to the Snake Pit.
 16288 | Lair:3   | Reached XP level 13. HP: 84/84 MP: 15/25
 16616 | Lair:3   | Noticed Gastronok
 16637 | Lair:3   | Killed Gastronok
 16887 | Lair:3   | Reached ** piety under the Shining One
 16924 | Lair:2   | Reached skill level 5 in Fire Magic
 17597 | Lair:3   | Paralysed by Rupert for 3 turns
 17946 | Lair:4   | Found a staircase to the Slime Pits.
 17947 | Lair:4   | Found a viscous altar of Jiyva.
 18704 | Lair:4   | Identified the +9 morningstar of Unkith {vamp, *Noise Fly
                  | rElec rPois}
 19197 | Lair:5   | Entered Level 5 of the Lair of Beasts
 20349 | Lair:5   | Gained mutation: Your large and strong wings let you fly.
                  | [Gargoyle growth]
 20349 | Lair:5   | Reached XP level 14. HP: 91/92 MP: 7/26
 21554 | Lair:5   | Identified the +4 rapier "Guski" {drain, Int+6}
 24240 | D:9      | Learned a level 6 spell: Starburst
 24448 | Orc:1    | Entered Level 1 of the Orcish Mines
 24452 | Orc:1    | Noticed Urug
 24458 | Orc:1    | Killed Urug
 24538 | Orc:2    | Entered Level 2 of the Orcish Mines
 24538 | Orc:2    | Reached *** piety under the Shining One
 24652 | Orc:2    | Reached XP level 15. HP: 86/99 MP: 13/28
 25245 | Orc:2    | Found a staircase to the Elven Halls.
 25973 | Orc:2    | Found Diarecy's Vocational Training.
 25994 | Orc:2    | Bought a manual of Invocations for 1200 gold pieces
 26666 | Orc:2    | Found Xuecwas's General Store.
 26666 | Orc:2    | Noticed an orc warlord
 26673 | Orc:2    | Reached **** piety under the Shining One
 26673 | Orc:2    | Killed an orc warlord
 26765 | Orc:2    | Found Vehare's Distillery.
 26909 | Orc:2    | Found Joixu's Armour Boutique.
 26919 | Orc:2    | Bought a potion of ambrosia for 120 gold pieces
 26919 | Orc:2    | Bought 2 potions of brilliance for 120 gold pieces
 27099 | Orc:2    | Found Dues's Jewellery Emporium.
 27343 | D:9      | Killed qeuew's ghost
 27344 | D:9      | Reached skill level 5 in Dodging
 27602 | Swamp:1  | Entered Level 1 of the Swamp
 27899 | Swamp:1  | Reached skill level 10 in Invocations
 30005 | Swamp:2  | Reached ***** piety under the Shining One
 30189 | Swamp:2  | Reached XP level 16. HP: 107/107 MP: 19/29
 30387 | Swamp:2  | Got the Reference Book on Firn and Clay
 31656 | Swamp:3  | Reached skill level 10 in Fire Magic
 31947 | Swamp:4  | Entered Level 4 of the Swamp
 31970 | Swamp:4  | Identified a scroll of acquirement
 31974 | Swamp:4  | Acquired a book of the Spheres
 31982 | Swamp:4  | Learned a level 5 spell: Iskenderun's Battlesphere
 31989 | Swamp:4  | Learned a level 5 spell: Fireball
 32015 | Swamp:4  | Noticed a fenstrider witch
 32473 | Swamp:4  | Paralysed by a fenstrider witch for 4 turns
 32477 | Swamp:4  | Killed a fenstrider witch
 32615 | Swamp:4  | Reached skill level 15 in Fighting
 32623 | Swamp:4  | Noticed a thorn hunter
 32758 | Swamp:4  | Killed a thorn hunter
 32947 | Swamp:4  | Noticed a thorn hunter
 32957 | Swamp:4  | Killed a thorn hunter
 33765 | Swamp:4  | Got the Lessons on Dislocated Evolution
 33874 | Swamp:4  | Got a decaying rune of Zot
 34231 | Snake:1  | Entered Level 1 of the Snake Pit
 35162 | Snake:1  | Found Taddoku's General Store.
 35164 | Snake:1  | Found Edecock's Specific Store.
 35170 | Snake:1  | Bought a potion of curing for 51 gold pieces
 35849 | Snake:2  | You are sucked into a shaft and drop 1 floor!
 35849 | Snake:3  | Noticed Mara
 35853 | Snake:3  | Noticed AigisTheKnight's illusion
 35905 | Snake:3  | HP: 2/108 [salamander/+2 trident (9)]
 36012 | Snake:3  | Learned a level 7 spell: Orb of Destruction
 36567 | Snake:2  | Found a transporter.
 37027 | Snake:2  | Reached XP level 17. HP: 92/113 MP: 16/30
 37206 | Snake:2  | Found a transporter.
 37341 | Snake:2  | Found a transporter.
 37342 | Snake:2  | Found a transporter.
 37568 | Snake:2  | Noticed Donald
 37832 | Snake:2  | Reached skill level 1 in Shields
 38074 | Snake:2  | Reached skill level 15 in Conjurations
 38361 | Snake:2  | Found a transporter.
 38362 | Snake:2  | Found a transporter.
 38551 | Snake:3  | Noticed AigisTheKnight's illusion
 39321 | Snake:4  | Entered Level 4 of the Snake Pit
 39334 | Snake:4  | Found Jum Zabrug's Armour Boutique.
 39347 | Snake:4  | Found a flickering gateway to a bazaar.
 39359 | Bazaar   | Entered a bazaar
 39359 | Bazaar   | Found Wuse's Magic Scroll Shop.
 39436 | Bazaar   | Found Zieghuoq's Antique Weapon Shop.
 39447 | Bazaar   | Found Zohail's Weapon Shop.
 39451 | Bazaar   | Found Zatz's Armour Boutique.
 39459 | Bazaar   | Bought a +0 kite shield of protection for 207 gold pieces
 39463 | Bazaar   | Found Cezuynid's Assorted Antiques.
 39470 | Bazaar   | Bought a shiny ivory ring for 155 gold pieces
 39508 | Snake:4  | Bought a +1 helmet for 195 gold pieces
 39924 | Snake:4  | Found Odoinig's Weapon Emporium.
 41531 | Snake:4  | Reached skill level 10 in Armour
 42095 | Snake:4  | Reached skill level 15 in Invocations
 42370 | Snake:4  | Got a serpentine rune of Zot
 43305 | Elf:1    | Entered Level 1 of the Elven Halls
 43361 | Elf:1    | Reached skill level 15 in Earth Magic
 43412 | Elf:1    | Reached skill level 5 in Shields
 43412 | Elf:1    | Reached XP level 18. HP: 119/119 MP: 12/31
 43495 | Elf:1    | Found a frozen archway.
 43497 | Elf:1    | Paralysed by an air elemental for 1 turns
 43550 | IceCv    | Entered an ice cave
 43589 | IceCv    | Found a transporter.
 43604 | IceCv    | Found a transporter.
 44015 | Elf:1    | Found Otangyab's CLEARANCE SALE!.
 44118 | Elf:1    | Bought a scroll of teleportation for 15 gold pieces
 44469 | Elf:1    | Killed from afar by a deep elf knight

Illustrated notes

Levels and vault maps discovered:
D:1:      lemuel_arrival_lava_pool, layout_loops_ring
D:2:      layout_basic, basic_altar, hex_medium
D:3:      layout_loops_corners, mainiacjoe_overflow_chevrons, serial_shops,
          shop_statue
D:4:      kennysheep_spiral_hall, layout_basic, serial_shops,
          nicolae_shop_behind_doors, supply_closet_lemuel,
          minmay_misc_feat_diagonals
D:5:      layout_basic, uniq_grinder, uniq_prince_ribbit1, uniq_blork_the_orc
D:6:      cheibrodos_barr_body, layout_cave_pods, lemuel_doored_altar,
          minmay_temple_entry_metal_lava
D:7:      layout_basic, nicolae_wu_jian_wuxing_cycle, amcnicky_altar_gilded,
          enter_ossuary_1, uniq_pikel
D:8:      layout_loops_cross, chequers_temple_overflow_minitemple,
          serial_bayou_pond_b
D:9:      minmay_klotski, layout_cave_pools, david_orc_2, serial_shops,
          nicolae_square_shop, hellmonk_ghost_happy_afterlife
D:10:     layout_irregular_city, general_overflow_altar, david_lair_shrubbed,
          serial_shops, shop
Temple:   dshaligram_water_room_temple
Lair:1:   layout_chaotic_city, lightli_volcano_entry_magma_tube, minivault_25
Lair:2:   layout_regular_city, swamp_mist, wad_woods_02, grunt_megastairs_5,
          serial_bayou_shore_a
Lair:3:   layout_roguey, dummy_snake_entry, uniq_fannar, uniq_gastronok,
          uniq_rupert
Lair:4:   layout_roguey, slime_entry_1, st_stairs_5, lemuel_fruit_tree,
          infiniplex_staircase_pool_2, grunt_megastairs_4
Lair:5:   gammafunk_lair_ancient_temple, layout_regular_city
Swamp:1:  layout_basic_swamp, evilmike_swamp_ruin_house_6
Swamp:2:  layout_basic_swamp, evilmike_swamp_ruin_house_5, swamp_pool5,
          roderic_carrion_pond
Swamp:3:  layout_basic_swamp, nicolae_swamp_round_clearing, swamp_pool1,
          nicolae_swamp_some_circles
Swamp:4:  swamp, layout_basic_swamp, infiniplex_staircase_pool
Snake:1:  layout_layer_cave, special_room, nicolae_specific_store
Snake:2:  layout_basic, serial_nicolae_subway, nicolae_sub_station_stone,
          nicolae_sub_station_crystal, nicolae_sub_station_metal, uniq_donald
Snake:3:  layout_cave_pods, serial_shops, nicolae_shop_behind_doors, uniq_mara
Snake:4:  grunt_snake_rune_spirals, layout_onion, serial_shops, freezing_bzr,
          shop, shop
Orc:1:    layout_diamond_mine, uniq_urug, uniq_erica
Orc:2:    hellmonk_orc_salted, layout_diamond_mine, basic_altar,
          nicolae_shop_vocational
Elf:1:    eino_elf_arrival_the_gate, layout_onion_city,
          portal_ice_cave_entry_pillars_1, evilmike_minifort,
          nicolae_shop_clearance, minmay_shop_grove

Skill      XL: |  1  2  3  4  5  6  7  8  9 10 11 12 13 14 15 16 17 |
---------------+----------------------------------------------------+-----
Transmutations | 1 |  1.2
Earth Magic    | 4 5 6 8 9 10 11 12 15 | 15.5
Fighting       | 1 3 4 6 7 9 10 11 12 13 14 15 | 15.2
Spellcasting   | 3 4 5 7 8 9 |  9.3
Conjurations   | 1 4 6 7 9 10 11 12 13 14 15 | 15.8
Armour         | 3 6 8 9 10 | 10.8
Invocations    | 3 6 8 11 13 15 | 15.7
Fire Magic     | 4 6 8 9 10 | 10.5
Dodging        | 4 5 7 |  7.0
Shields        | 5 |  5.6
Stealth        | |  2.6

Action                   |  1- 3 |  4- 6 |  7- 9 | 10-12 | 13-15 | 16-18 || total
-------------------------+-------+-------+-------+-------+-------+-------++-------
Melee: Unarmed           |    27 |       |       |       |       |       ||    27
       Mace              |    54 |    69 |    98 |    96 |       |       ||   317
       Punch             |     1 |       |     1 |     3 |     5 |       ||    10
       Falchion          |       |       |       |    44 |   219 |       ||   263
 Fire: Shortbow          |       |       |       |       |   247 |   411 ||   658
 Cast: Sandblast         |    31 |    57 |    43 |    61 |    40 |     5 ||   237
       Stone Arrow       |       |     1 |    76 |   228 |   606 |   365 ||  1276
       Orb of Destructio |       |       |       |       |       |    82 ||    82
       Fireball          |       |       |       |       |       |    22 ||    22
       Iskenderun's Batt |       |       |       |       |       |     2 ||     2
Invok: Divine Shield     |       |       |       |       |     5 |     6 ||    11
       Summon Divine War |       |       |       |       |       |     2 ||     2
       Cleansing Flame   |       |       |       |       |       |     2 ||     2
Evoke: Phial of floods   |       |       |       |       |     3 |     2 ||     5
       Wand              |       |       |       |       |     2 |       ||     2
       Tin of tremorston |       |       |       |       |       |     1 ||     1
  Use: Scroll            |       |       |       |    16 |    11 |    17 ||    44
       Potion            |       |       |       |     1 |     5 |    10 ||    16
 Stab: Sleeping          |     2 |     2 |       |     1 |       |       ||     5
Armor: Robe              |    36 |    78 |    77 |       |       |       ||   191
       Troll leather arm |       |       |    31 |   229 |   531 |   382 ||  1173
       Skin              |       |       |       |       |    20 |       ||    20
Dodge: Dodged            |    49 |    75 |    88 |   210 |   506 |   494 ||  1422
Block: Other             |       |       |       |       |    33 |    38 ||    71

Table legend: (Time is in decaauts)
 A = Elapsed time spent in this place.
 B = Non-inter-level travel time spent in this place.
 C = Inter-level travel time spent in this place.
 D = Time resting spent in this place.
 E = Time spent auto-exploring this place.
 F = Levels seen in this place.
 G = Mean time per level.
                   A        B        C        D        E       F      G
               +--------+--------+--------+--------+--------+-----+--------+
         Total |  45245 |  42414 |   2831 |  13268 |  19341 |  30 | 1508.2 |
       Dungeon |  13001 |  11921 |   1080 |    777 |   8634 |  10 | 1300.1 |
        Temple |    132 |     72 |     60 |      0 |     55 |   1 |  132.0 |
          Lair |  11752 |  10796 |    956 |   3988 |   4590 |   5 | 2350.4 |
         Swamp |   6372 |   6148 |    224 |   2824 |   2189 |   4 | 1593.0 |
     Snake Pit |   8748 |   8336 |    412 |   3037 |   2940 |   4 | 2187.0 |
  Orcish Mines |   2990 |   2892 |     98 |   1268 |    733 |   2 | 1495.0 |
   Elven Halls |    960 |    960 |      0 |    541 |    114 |   1 |  960.0 |
        Bazaar |    139 |    139 |      0 |     10 |     86 |   1 |  139.0 |
      Ice Cave |    200 |    200 |      0 |    131 |      0 |   1 |  200.0 |
       Volcano |    947 |    947 |      0 |    692 |      0 |   1 |  947.0 |
               +--------+--------+--------+--------+--------+-----+--------+

Top non-repeatable levels by time:
 Snake:4: 3772 daAuts
  Lair:4: 3608 daAuts
 Snake:2: 2671 daAuts
   Orc:2: 2341 daAuts
  Lair:5: 2279 daAuts
  Lair:2: 2264 daAuts
  Lair:3: 2032 daAuts
     D:6: 2008 daAuts
     D:9: 1876 daAuts
 Swamp:2: 1869 daAuts
 Swamp:4: 1791 daAuts
 Swamp:3: 1614 daAuts
  Lair:1: 1568 daAuts
     D:4: 1469 daAuts
 Snake:1: 1399 daAuts
